 Dungeon Crawl Stone Soup version 0.29-a0-1047-g7c58e119a4 (webtiles) character file.

Game seed: 9015015387583522082

808 flotson the Trooper (level 7, 0/55 HPs)
             Began as a Demonspawn Delver on Aug 17, 2022.
             Slain by a yak (10 damage)
             ... on level 4 of the Dungeon.
             The game lasted 00:06:40 (5112 turns).

flotson the Trooper (Demonspawn Delver)             Turns: 5112, Time: 00:06:41

Health: 0/55       AC:  6    Str: 14    XL:     7   Next: 60%
Magic:  0/7        EV: 12    Int: 12    God:
Gold:   295        SH:  0    Dex: 14    Spells: 6/6 levels left

rFire   . . .      SeeInvis .   i - +1 quarterstaff (vorpal)
rCold   + . .      Faith    .   (shield currently unavailable)
rNeg    . . .      Spirit   +   m - +0 ring mail
rPois   .          Reflect  .   k - +0 helmet
rElec   .          Harm     .   (no cloak)
rCorr   .          Rampage  .   (no gloves)
Will    .....                   (no boots)
Stlth   ++........              o - amulet of guardian spirit
HPRegen 0.18/turn               f - ring of protection from cold
MPRegen 0.20/turn               (no ring)

@: no status effects
A: hooves 1, demonic guardian 2, magic regeneration
a: no special abilities


You were on level 4 of the Dungeon.
You visited 1 branch of the dungeon, and saw 5 of its levels.

You collected 295 gold pieces.

Inventory:

Hand Weapons
 i - a +1 vorpal quarterstaff (weapon)
Missiles
 t - a javelin (quivered)
Armour
 k - a +0 helmet (worn)
 m - a +0 ring mail (worn)
Jewellery
 f - a ring of protection from cold (left hand)
 o - an amulet of guardian spirit (around neck)
 v - an amulet of regeneration
Wands
 a - a wand of iceblast (11)
 g - a wand of digging (6)
Scrolls
 b - a scroll of noise {unknown}
 c - a scroll of fog
 d - a scroll of torment {unknown}
 h - a scroll of blinking {unknown}
 j - 7 scrolls of identify {unknown}
 l - 3 scrolls of butterflies {unknown}
 w - a scroll of immolation {unknown}
 x - 2 scrolls of enchant armour {unknown}
 y - a scroll of enchant weapon {unknown}
Potions
 e - a potion of lignification {unknown}
 n - a potion of flight {unknown}
 p - a potion of brilliance {unknown}
 q - a potion of curing {unknown}
 r - a potion of heal wounds {unknown}
 s - a potion of mutation {unknown}
 u - a potion of might {unknown}


   Skills:
 + Level 4.8 Fighting
 - Level 1.7 Axes
 + Level 2.9 Throwing
 + Level 3.2 Armour
 + Level 3.9 Dodging
 - Level 4.5 Stealth
 + Level 3.6 Evocations


You had 6 spell levels left.
You didn't know any spells.
Your spell library was empty.

Dungeon Overview and Level Annotations

Branches:
Dungeon (5/15)
 Temple: D:4-7

Altars:
Uskayaw

Shops:
D:3 (


Innate Abilities, Weirdness & Mutations

You have large cloven feet.
A demonic guardian rushes to your aid.
You regenerate magic rapidly.


Message History

You kill the yak!
The yak bellows! 2 yaks come into view.
You see here a javelin.
t - a javelin The yak attacks as you move away!
The yak barely misses you. The yak attacks as you move away! The yak gores you!
The yak bellows!
You hear a bellow!
The yak attacks as you move away! The yak misses you.
The yak attacks as you move away! The yak gores you!
The yak attacks as you move away! The yak gores you.
The yak attacks as you move away! The yak gores you.
The yak attacks as you move away! The yak gores you.
The yak attacks as you move away! The yak gores you but does no damage.
The yak attacks as you move away! The yak gores you!
The yak bellows!
The yak barely misses you.
You see here 5 stones.
The yak attacks as you move away! The yak barely misses you.
Okay, then.
Okay, then.
The yak attacks as you move away! The yak gores you but does no damage.
The yak attacks as you move away! The yak gores you.
The yak attacks as you move away! The yak closely misses you.
There is a stone staircase leading up here.
You climb upwards.
There is a stone staircase leading down here.
The yak attacks as you move away! The yak completely misses you.
The yak attacks as you move away! The yak gores you but does no damage.
The yak attacks as you move away! The yak misses you.
The yak attacks as you move away! The yak gores you!
* * * LOW HITPOINT WARNING * * *
The yak attacks as you move away! The yak closely misses you.
The yak attacks as you move away! The yak closely misses you.
The yak attacks as you move away! The yak gores you.
* * * LOW HITPOINT WARNING * * *
The yak attacks as you move away! The yak gores you.
* * * LOW HITPOINT WARNING * * *
The yak attacks as you move away! The yak gores you!
You die...

##.## ##..>..## ##...##
#...### #......## ###.....#
......###.......###....####
..####................##
..## ##......###.......#
#..## ##....## ####....##
##..####...## ##..#..##
##..##....#######..####.##
##....[.......@Y..# ##.##
##..........####### ##.#
###...######### ### ....###
..### #### ### ..## ##..##
##.##
#..########....####...##
###
#..........###..##..##.##
#.# ############
##.##..##..###.#


You could see a yak.

Vanquished Creatures
  Sigmund (D:2)
  A yak (D:5)
  4 scorpions
  2 iguanas
  An orc wizard (D:5)
  3 adders
  2 dart slugs
  5 orcs
  3 bats
  8 endoplasms
  3 giant cockroaches
  6 goblins
  6 hobgoblins
  2 jackals (D:3)
  6 kobolds
  2 quokkas
  3 ball pythons
  4 frilled lizards
  3 rats
65 creatures vanquished.

Vanquished Creatures (collateral kills)
  An ogre (D:5)
1 creature vanquished.

Grand Total: 66 creatures vanquished

Notes
Turn   | Place    | Note
-------+----------+-------------------------------------------
     0 | D:5      | flotson the Demonspawn Delver began the quest for the Orb.
     0 | D:5      | Reached XP level 1. HP: 18/18 MP: 1/1
    98 | D:5      | Noticed an ogre
   128 | D:5      | Noticed an ogre
   267 | D:3      | Gained mutation: You have large cloven feet. [demonic
                  | ancestry]
   267 | D:3      | Reached XP level 2. HP: 24/24 MP: 2/2
   430 | D:2      | Noticed Sigmund
   675 | D:1      | Reached skill level 1 in Evocations
   892 | D:1      | Reached skill level 1 in Armour
  1162 | D:1      | Gained mutation: A weak demonic guardian rushes to your
                  | aid. [demonic ancestry]
  1162 | D:1      | Reached XP level 3. HP: 29/29 MP: 3/3
  1832 | D:3      | Found Timih's Antique Weapon Shoppe.
  2324 | D:2      | Killed Sigmund
  2325 | D:2      | Reached skill level 1 in Throwing
  2325 | D:2      | Gained mutation: You regenerate magic rapidly. [demonic
                  | ancestry]
  2325 | D:2      | Reached XP level 4. HP: 12/37 MP: 1/4
  2325 | D:2      | Gained mutation: A demonic guardian rushes to your aid.
                  | [demonic ancestry]
  2325 | D:2      | Reached XP level 5. HP: 14/42 MP: 1/5
  2661 | D:4      | Found a hide-covered altar of Uskayaw.
  2665 | D:4      | Noticed a +0 dagger
  2665 | D:4      | Noticed a +0 hand axe
  2823 | D:4      | Reached XP level 6. HP: 48/48 MP: 6/6
  4408 | D:5      | Reached XP level 7. HP: 16/55 MP: 1/7
  4997 | D:5      | Noticed a yak
  4998 | D:5      | Noticed a yak
  5012 | D:5      | Killed a yak
  5043 | D:5      | Noticed a yak
  5043 | D:5      | Noticed a yak
  5112 | D:4      | Slain by a yak

Illustrated notes

Levels and vault maps discovered:
D:1:      dpeg_arrival_simpleton_c, layout_basic, grunt_decor_fettered,
          minmay_pentomino_u2
D:2:      layout_basic, uniq_sigmund
D:3:      layout_basic, elyvilon_altar_1, serial_shops, nicolae_shop_crystal
D:4:      layout_layer_cave, dancing_weapons_uskayaw, feat_on_display
D:5:      layout_loops_corners, ebering_ghost_rock_garden,
          hangedman_decor_points, uniq_grinder

Skill      XL: |  1  2  3  4  5  6  7 |
---------------+----------------------+-----
Dodging        | 2 3 |  3.9
Evocations     | 1 2 3 |  3.6
Armour         | 1 2 3 |  3.2
Throwing       | 1 2 |  2.9
Fighting       | 4 |  4.8
Axes           | |  1.7
Stealth        | |  4.5

Action                   |  1- 3 |  4- 6 |  7- 9 || total
-------------------------+-------+-------+-------++-------
Melee: Quarterstaff      |    75 |    45 |    29 ||   149
       Hand axe          |     1 |       |       ||     1
       Kick              |    12 |     7 |    10 ||    29
Throw: Javelin           |     2 |       |     3 ||     5
Evoke: Wand              |       |       |     3 ||     3
  Use: Scroll            |     1 |       |     1 ||     2
       Potion            |     1 |       |       ||     1
 Stab: Sleeping          |     5 |     7 |     1 ||    13
Armor: Leather armour    |     3 |       |       ||     3
       Ring mail         |    30 |    14 |    16 ||    60
Dodge: Dodged            |    48 |    27 |    23 ||    98

Table legend: (Time is in decaauts)
 A = Elapsed time spent in this place.
 B = Non-inter-level travel time spent in this place.
 C = Inter-level travel time spent in this place.
 D = Time resting spent in this place.
 E = Time spent auto-exploring this place.
 F = Levels seen in this place.
 G = Mean time per level.
                   A        B        C        D        E       F      G
               +--------+--------+--------+--------+--------+-----+--------+
         Total |   5140 |   4921 |    219 |    122 |   3974 |   5 | 1028.0 |
       Dungeon |   5140 |   4921 |    219 |    122 |   3974 |   5 | 1028.0 |
               +--------+--------+--------+--------+--------+-----+--------+

Top non-repeatable levels by time:
     D:4: 1463 daAuts
     D:5: 1238 daAuts
     D:2: 1151 daAuts
     D:1: 831 daAuts
     D:3: 456 daAuts
